 Dungeon Crawl Stone Soup version 0.31-a0-325-g067879e3d3 (webtiles) character file.

Game seed: 16904435825035427029

189 lunkers the Insei (level 6, -1/46 (48) HPs)
             Began as a Meteoran Shapeshifter on July 18, 2023.
             Was an Initiate of Gozag.
             Slain by a goblin
             ... wielding a +0 dagger of draining
              (2 damage)
             ... on level 4 of the Dungeon.
             The game lasted 00:02:40 (1124 turns).

lunkers the Insei (Meteoran Shapeshifter)           Turns: 1124, Time: 00:02:41

HP:   -1/46 (48)    AC:  6    Str: 16    XL:     6   Next: 20%
MP:   7/7           EV: 11    Int: 16    God:    Gozag
Gold: 228           SH:  0    Dex: 17    Spells: 5/5 levels left

rFire   . .          .
                       - Unarmed
rCold   . . .        (no shield)
rNeg    . . .        i - +1 ring mail
rPois   .            (helmet currently unavailable)
rElec   .            (cloak currently unavailable)
rCorr   .            (gloves currently unavailable)
SInv    .            (boots currently unavailable)
Will    .....        (no amulet)
Stlth   +            j - +6 ring of intelligence
HPRegen 0.27/turn    (no ring)
MPRegen 0.10/turn

%: no passive effects
@: beast-form, gold aura, glowing, lightly drained
A: beast (slay +2), sense surroundings 1, otherworldly, glowing, explore regen
a: Begin Untransformation, Renounce Religion, Potion Petition, Call Merchant,
Bribe Branch


You were on level 4 of the Dungeon.
You worshipped Gozag.
Gozag was aware of your devotion.
You were a hulking beast.
You visited 1 branch of the dungeon, and saw 4 of its levels.

You collected 228 gold pieces.

Inventory:

Armour
 a - a +0 animal skin
 d - a +0 pair of gloves
 g - a +0 helmet
 h - a +0 helmet
 i - a +1 ring mail (worn)
Jewellery
 j - a +6 ring of intelligence (left hand)
Talismans
 c - a beast talisman
Scrolls
 e - a scroll of identify
 f - 2 scrolls of amnesia
 k - a scroll of noise {unknown}
Potions
 b - a potion of lignification


   Skills:
 - Level 2.1 Fighting
 - Level 2.4 Dodging
 + Level 6.9 Unarmed Combat
 - Level 3.6 Shapeshifting


You had 5 spell levels left.
You didn't know any spells.
Your spell library contained the following spells:

 Spells                   Type           Power      Damage    Failure   Level
 Sandblast                Erth           0%         2d4       43%         1
 Passwall                 Tmut/Erth      0%         N/A       58%         2
 Stone Arrow              Conj/Erth      0%         3d7       82%         3


Dungeon Overview and Level Annotations

Branches:
Dungeon (4/15) Zot: 1261
 Temple: D:4-7

Altars:
Ashenzari
Gozag
Zin

Shops:
D:3 *

Annotations:
D:4 1 runed translucent door, garrulousMonolith's ghost, novice GnSh


Innate Abilities, Weirdness & Mutations

You are a hulking beast.
Your limbs bulge with bestial killing power. (Slay +2)
You passively map a small area around you.
You are easily found by Zot.
You glow in the dark.
You regain HP and MP as you explore.


Message History

The iguana bites you.
The goblin is distracted by your dazzling golden aura.
The goblin shouts!
You hit the iguana but do no damage.
The iguana is moderately wounded.
The iguana bites you!
* * * LOW HITPOINT WARNING * * *
You hit the iguana.
The iguana is heavily wounded.
The iguana is distracted by your dazzling golden aura.
Unknown command.
The iguana hisses angrily.
You hit the iguana but do no damage.
The iguana is no longer distracted by gold.
The iguana is heavily wounded.
Unknown command.
You hit the iguana.
The iguana is almost dead.
The goblin is no longer distracted by gold.
The iguana barely misses you.
You hit the iguana.
The iguana is almost dead.
The iguana bites you!
* * * LOW HITPOINT WARNING * * *
The goblin barely misses you.
You hit the iguana but do no damage.
The iguana is almost dead.
The iguana bites you!
* * * LOW HITPOINT WARNING * * *
The goblin hits you but does no damage.
You feel drained.
You closely miss the iguana.
The iguana is almost dead.
The iguana bites you.
* * * LOW HITPOINT WARNING * * *
The goblin hits you but does no damage.
You feel drained.
You punch the iguana!
You kill the iguana!
The goblin hits you with a +0 dagger of draining.
You die...
Your body crumbles into a pile of gold.

............##.. #...#####
.............#.# ########........
............#..###...............
.............#.##..............(.
...............##.....<..........
.............#.##.#######...#####
................ยง....# *.......
######..#.##.#..#g##. ,,.....##
...#.......#.#$.h.# .....#
##.#.####..#....$.# < ,##...##
...#.####..###....... , ,.#
#.......#..#*#...###... *
##.#.##..... ..... .<# , ...#.#
##.####....* .. , ####.. .#
#..#.# . #### ## ...... *


You could see a goblin.

Vanquished Creatures
  A hound (D:4)
  An iguana (D:4)
  Natasha (thrice) (D:4)
  3 gnolls (D:3)
  An adder (D:4)
  6 ball pythons
  6 endoplasms
  2 giant cockroaches
  3 goblins
  5 hobgoblins
  2 jackals (D:3)
  4 kobolds
  2 quokkas
  A frilled lizard (D:1)
  5 rats (D:1)
45 creatures vanquished.

Notes
Turn   | Place    | Note
-------+----------+-------------------------------------------
     0 | D:1      | lunkers the Meteoran Shapeshifter began the quest for the
                  | Orb.
     0 | D:1      | Reached XP level 1. HP: 17/17 MP: 2/2
   103 | D:1      | Reached skill level 3 in Unarmed Combat
   103 | D:1      | Reached XP level 2. HP: 20/24 MP: 3/3
   266 | D:1      | Reached XP level 3. HP: 24/29 MP: 4/4
   297 | D:1      | Found a faded altar of an unknown god.
   335 | D:1      | Prayed at the altar of an unknown god.
   335 | D:1      | Became a worshipper of Gozag Ym Sagoz the Greedy
   377 | D:2      | Reached skill level 4 in Unarmed Combat
   440 | D:2      | You fall into a shaft and drop 1 floor!
   459 | D:3      | Reached XP level 4. HP: 21/36 MP: 5/5
   488 | D:3      | Found a glowing silver altar of Zin.
   490 | D:3      | Found Zin's Purification Station.
   537 | D:3      | Reached skill level 5 in Unarmed Combat
   613 | D:3      | Found a broken altar of Ashenzari.
   973 | D:4      | Found a runed translucent door.
   974 | D:4      | Noticed garrulousMonolith's ghost (novice GnSh)
  1000 | D:4      | Noticed Natasha
  1012 | D:4      | Killed Natasha
  1013 | D:4      | Reached XP level 5. HP: 24/41 MP: 6/6
  1025 | D:4      | Noticed Natasha
  1035 | D:4      | Killed Natasha
  1036 | D:4      | Reached skill level 6 in Unarmed Combat
  1104 | D:4      | Reached XP level 6. HP: 48/48 MP: 7/7
  1104 | D:4      | Noticed Natasha
  1112 | D:4      | Killed Natasha
  1123 | D:4      | HP: 1/47 [iguana (4)]
  1124 | D:4      | Slain by a goblin

Illustrated notes

Levels and vault maps discovered:
D:1:      lemuel_arrival_funnel, layout_basic,
          hellmonk_ecumenical_altar_leap_of_faith, lemuel_flame_loot_1
D:2:      layout_basic
D:3:      kennysheep_big_flooded_room, layout_loops_ring,
          lemuel_coloured_pillars_altar, zin_purify, uniq_jessica
D:4:      layout_loops_cross, ebering_ghost_reflecting_pool,
          wad_floor_pattern_2, uniq_sigmund, uniq_natasha

Skill      XL: |  1  2  3  4  5 |
---------------+----------------+-----
Unarmed Combat | 3 4 5 6 |  6.9
Fighting       | |  2.1
Dodging        | |  2.4
Shapeshifting  | |  3.6

Action                     |  1- 3 |  4- 6 || total
---------------------------+-------+-------++-------
  Melee: Unarmed           |    39 |    80 ||   119
         Punch             |       |     2 ||     2
    Use: Scroll            |       |     2 ||     2
 Armour: Animal skin       |     5 |       ||     5
         Ring mail         |       |    25 ||    25
  Dodge: Dodged            |    20 |    37 ||    57

Table legend: (Time is in decaauts)
 A = Elapsed time spent in this place.
 B = Non-inter-level travel time spent in this place.
 C = Inter-level travel time spent in this place.
 D = Time resting spent in this place.
 E = Time spent auto-exploring this place.
 F = Levels seen in this place.
 G = Mean time per level.
                   A        B        C        D        E       F      G
               +--------+--------+--------+--------+--------+-----+--------+
         Total |   1138 |   1138 |      0 |      0 |    704 |   4 |  284.5 |
       Dungeon |   1138 |   1138 |      0 |      0 |    704 |   4 |  284.5 |
               +--------+--------+--------+--------+--------+-----+--------+

Top non-repeatable levels by time:
     D:3: 439 daAuts
     D:1: 358 daAuts
     D:4: 260 daAuts
     D:2: 79 daAuts
